 Dungeon Crawl Stone Soup version 0.23.2-40-g277498a001 (webtiles) character file.

Game seed: 7748484143519170890

1135 Acheron the Skirmisher (level 8, 0/49 HPs)
             Began as a Gargoyle Monk on Oct 17, 2019.
             Slain by a hell rat (8 damage)
             ... on level 5 of the Dungeon.
             The game lasted 00:29:37 (7136 turns).

Acheron the Skirmisher (Gargoyle Monk)              Turns: 7136, Time: 00:29:38

Health: 0/49       AC: 17    Str: 16    XL:     8   Next: 36%
Magic:  9/9        EV: 11    Int: 11    God:
Gold:   260        SH:  0    Dex: 13    Spells: 8/8 levels left

rFire    . . .     SeeInvis .   w - +4 war axe (elec)
rCold    . . .     Gourm    .   (no shield)
rNeg     + . .     Faith    .   m - +0 scale mail
rPois    ∞         Spirit   .   r - +2 helmet
rElec    +         Reflect  .   (no cloak)
rCorr    .         Harm     .   (no gloves)
MR       .....                  o - +0 pair of boots
Stlth    +.........             (no amulet)
HPRegen  0.16/turn              (no ring)
MPRegen  0.11/turn              (no ring)

@: no status effects
A: negative energy resistance 1, electricity resistance, unbreathing,
petrification resistance, rot immunity, AC +5
a: no special abilities


You were on level 5 of the Dungeon.
You were not hungry.

You visited 2 branches of the dungeon, and saw 7 of its levels.

You collected 260 gold pieces.

Inventory:

Hand Weapons
 a - a +0 short sword
 e - a +0 mace
 n - a +1 whip of venom
 u - a +0 dagger of speed
 w - a +4 war axe of electrocution (weapon)
 z - a +0 halberd
 D - a +1 mace of protection
Missiles
 j - 41 poisoned needles
 k - 2 tomahawks of returning (quivered)
 p - 138 stones
 t - 18 sling bullets
Armour
 m - a +0 scale mail (worn)
 o - a +0 pair of boots (worn)
 r - a +2 helmet (worn)
 y - a +3 leather armour
Jewellery
 f - an uncursed amulet of magic regeneration
 h - an uncursed ring of flight {unknown}
Wands
 l - a wand of flame (26)
Scrolls
 d - a scroll of amnesia
 q - a scroll of enchant armour
 x - a scroll of magic mapping
 A - a scroll of fear
 B - a scroll of teleportation
 F - a scroll of fog
Potions
 b - 2 potions of curing
 g - a potion of brilliance {unknown}
 i - a potion of heal wounds {unknown}
 s - 2 potions of might
 v - a potion of invisibility {unknown}
 C - a potion of mutation {unknown}
 E - a potion of lignification {unknown}
Comestibles
 c - 2 rations
 G - 3 chunks of flesh


   Skills:
 * Level 5.0 Fighting
 + Level 4.7 Short Blades
 + Level 0.7 Axes
 * Level 2.6 Throwing
 * Level 4.0 Armour
 * Level 3.8 Dodging
 * Level 4.3 Stealth
 + Level 0.9 Spellcasting
 * Level 2.3 Evocations


You had 8 spell levels left.
You didn't know any spells.
Your spell library was empty.

Dungeon Overview and Level Annotations

Branches:
Dungeon (6/15)             Temple (1/1) D:4

Altars:
Cheibriados
Dithmenos
Elyvilon
Fedhas
Gozag
Hepliaklqana
Kikubaaqudgha
Makhleb
Okawaru
Qazlal
Ru
Sif Muna
Trog
Vehumet
Wu Jian
Xom
Yredelemnul
Zin
The Shining One

Annotations:
D:3 1 runed translucent door, Shtrein's ghost, amateur GrMo
D:6 Blork the orc


Innate Abilities, Weirdness & Mutations

You are resistant to torment.
Your stone body is resilient. (AC +5)
You are immune to poison.
You resist negative energy. (rN+)
You are resistant to electric shocks. (rElec)
You can survive without breathing.
You are immune to petrification.
You are immune to rotting.


Message History

The hell rat twitches its whiskers.
The hell rat bites you but does no damage.
You closely miss the hell rat. The hell rat bites you.
The hell rat bites you but does no damage.
You barely miss the hell rat.
The hell rat bites you but does no damage. x2
You hit the hell rat.
The hell rat is moderately wounded.
The hell rat barely misses you.
You closely miss the hell rat.
The hell rat is moderately wounded.
The hell rat bites you!
* * * LOW HITPOINT WARNING * * *
The hell rat bites you but does no damage.
Your scale mail prevents you from hitting the hell rat.
The hell rat is moderately wounded.
The hell rat bites you.
* * * LOW HITPOINT WARNING * * *
The hell rat bites you!
You die...

########.#.# ######### #.#...
.........#.# ####.#...#.####.####
##########.###...#.###.#..##.....
...........##.############.######
############.######......##.###
##÷.##....#...[##..##
###.##r.#..... ###.#
##.##rr.....# ##.##
#.##@#r#.#######.#.#
##.##...#†..##..####
#..###.÷.†÷..### #..###########
###.################
#..................
#.#.####.≈.≈....### #.#.#
#≈.≈.≈...# ..#.# ##...#...#


You could see a hell rat, a river rat and a rat.

Vanquished Creatures
  A sky beast (D:6)
  An ice beast (D:5)
  A necrophage (D:5)
  A phantom (D:4)
  A centaur (D:5)
  2 scorpions
  A howler monkey (D:6)
  A crimson imp (D:5)
  A bullfrog zombie (D:4)
  3 bullfrog skeletons
  An orc wizard (D:5)
  2 iguanas (D:5)
  2 hell rats (D:5)
  2 worker ants (D:5)
  Robin (D:1)
  4 gnolls
  9 adders
  2 river rats (D:5)
  A shadow imp (D:5)
  2 worms
  A dart slug (D:1)
  3 leopard geckos
  4 orcs
  7 bats
  6 giant cockroaches
  18 goblins
  6 hobgoblins
  2 jackals (D:6)
  12 kobolds
  A quokka (D:2)
  7 frilled lizards
  A quokka zombie (D:5)
  15 rats
122 creatures vanquished.

Vanquished Creatures (others)
  A wizard (D:6)
  A withered plant (D:3)
2 creatures vanquished.

Grand Total: 124 creatures vanquished

Notes
Turn   | Place    | Note
-------+----------+-------------------------------------------
     0 | D:1      | Acheron the Gargoyle Monk began the quest for the Orb.
     0 | D:1      | Reached XP level 1. HP: 14/14 MP: 1/1
   290 | D:1      | Reached XP level 2. HP: 19/19 MP: 2/2
  1003 | D:1      | Reached XP level 3. HP: 22/23 MP: 3/3
  1611 | D:2      | Found a deep blue altar of Sif Muna.
  1623 | D:2      | Noticed Robin
  1659 | D:2      | Reached XP level 4. HP: 24/28 MP: 4/4
  1695 | D:1      | Killed Robin
  1934 | D:2      | Reached skill level 1 in Armour
  2193 | D:2      | Reached skill level 1 in Throwing
  2335 | D:2      | Found a glowing golden altar of the Shining One.
  2743 | D:3      | Found a snail-covered altar of Cheibriados.
  2746 | D:3      | Found a burning altar of Makhleb.
  2746 | D:3      | Found an iron altar of Okawaru.
  2853 | D:3      | Found a runed translucent door.
  2854 | D:3      | Noticed Shtrein's ghost (amateur GrMo)
  2986 | D:3      | Found an opulent altar of Gozag.
  2987 | D:3      | Found an ornate altar of the Wu Jian Council.
  3064 | D:3      | Reached XP level 5. HP: 24/33 MP: 6/6
  3507 | D:5      | Entered Level 5 of the Dungeon
  3860 | D:4      | Noticed a phantom
  3914 | D:4      | Reached skill level 4 in Fighting
  4075 | D:4      | Found a staircase to the Ecumenical Temple.
  4083 | Temple   | Entered the Ecumenical Temple
  4295 | D:4      | Killed a phantom
  4295 | D:4      | Reached skill level 1 in Evocations
  4295 | D:4      | Reached XP level 6. HP: 38/38 MP: 7/7
  4611 | D:5      | Found a sacrificial altar of Ru.
  4636 | D:5      | Found a stormy altar of Qazlal.
  5215 | D:5      | Reached XP level 7. HP: 41/44 MP: 8/8
  5632 | D:6      | Found a bloodstained altar of Trog.
  5635 | D:6      | Noticed a wizard
  5640 | D:6      | Killed a wizard
  6046 | D:5      | Found a radiant altar of Vehumet.
  6510 | D:5      | Reached XP level 8. HP: 46/48 MP: 9/9
  6820 | D:6      | Noticed Blork the orc
  6838 | D:6      | Found a hazy altar of Hepliaklqana.
  6858 | D:6      | Found a shadowy altar of Dithmenos.
  6990 | D:6      | Reached skill level 5 in Fighting
  7116 | D:5      | Found the +2 ratskin cloak {+Rats rPois rN+ Str-1 Int-1
                  | Dex+1}
  7136 | D:5      | Slain by a hell rat

Skill      XL: |  1  2  3  4  5  6  7  8 |
---------------+-------------------------+-----
Short Blades   | 3 4 |  4.7
Armour         | 1 2 3 4 |  4.0
Throwing       | 1 2 |  2.6
Dodging        | 3 |  3.8
Stealth        | 3 4 |  4.3
Fighting       | 4 5 |  5.0
Evocations     | 1 2 |  2.3
Axes           | |  0.7
Spellcasting   | |  0.9

Action                   |  1- 3 |  4- 6 |  7- 9 || total
-------------------------+-------+-------+-------++-------
Melee: Short sword       |   141 |   379 |   280 ||   800
       War axe           |       |       |    67 ||    67
Throw: Tomahawk          |     1 |       |       ||     1
Evoke: Wand              |       |     5 |     2 ||     7
  Use: Scroll            |     1 |    12 |     5 ||    18
 Stab: Sleeping          |     3 |       |     4 ||     7
  Eat: Chunk             |     2 |     2 |     3 ||     7
       Ration            |       |     3 |     1 ||     4
Armor: Robe              |    26 |       |       ||    26
       Scale mail        |    38 |   169 |   172 ||   379
Dodge: Dodged            |    89 |   166 |   170 ||   425
